 Dungeon Crawl Stone Soup version 0.32-a0-818-gb728d0252e (webtiles) character file.

Game seed: 14127158302109221181

604 Goblin1989 the Sneak (level 7, 0/50 HPs)
             Began as a Demonspawn Brigand on Mar 24, 2024.
             Slain by a crocodile zombie (3 damage)
             ... in an ossuary.
             The game lasted 00:09:59 (3343 turns).

Goblin1989 the Sneak (Demonspawn Brigand)           Turns: 3343, Time: 00:10:00

Health: 0/50       AC:  8    Str: 12    XL:     7   Next: 18%
Magic:  7/7        EV: 10    Int:  9    God:
Gold:   159        SH:  0    Dex: 16    Spells: 6/6 levels left

rFire   . . .        b - +0 short sword (holy)
rCold   . . .        (no shield)
rNeg    . . .        j - +0 robe
rPois   .            (no helmet)
rElec   .            r - +1 cloak
rCorr   .            (no gloves)
SInv    .            h - +0 pair of boots
Will    .....        (no amulet)
Stlth   +++          (no ring)
HPRegen 0.28/turn    (no ring)
MPRegen 0.10/turn

%: clarity
@: no status effects
A: claws 1, molten scales 2, clarity, dopey 1, inability to drink after injury 1
a: no special abilities


You were in an ossuary.
You visited 1 branch of the dungeon, and saw 4 of its levels.
You also visited: Ossuary.

You collected 159 gold pieces.

Inventory:

Hand Weapons
 a - a +2 dagger
 b - a +0 short sword of holy wrath (weapon)
Missiles
 d - 9 poisoned darts (quivered)
 e - 2 curare-tipped darts
 f - 29 stones
Armour
 h - a +0 pair of boots (worn)
 j - a +0 robe (worn)
 r - a +1 cloak (worn)
Jewellery
 q - a ring of protection from fire
 s - a +6 ring of intelligence
Scrolls
 o - a scroll of amnesia {unknown}
 p - a scroll of butterflies {unknown}
Potions
 g - a potion of might {@q4}
 k - a potion of mutation {!q}
 n - a potion of attraction {unknown}


   Skills:
 - Level 2.0 Fighting
 - Level 4.3 Short Blades
 - Level 1.7 Throwing
 - Level 0.8 Dodging
 + Level 6.3 Stealth
 * Level 3.1 Unarmed Combat


You had 6 spell levels left.
You didn't know any spells.
Your spell library contained the following spells:

 Spells                   Type           Power      Damage    Failure   Level
 Necrotise                Necr           0%         1d4       38%         1
 Inner Flame              Hex/Fire       0%         N/A       77%         3
 Vampiric Draining        Necr           0%         2d6       77%         3
 Martyr's Knell           Necr/Summ      0%         N/A       99%         4
 Curse of Agony           Necr           0%         N/A       100%        5
 Irradiate                Conj/Alch      0%         3d11      100%        5
 Ignition                 Fire           0%         3d3       100%        8


Dungeon Overview and Level Annotations

Branches:
Dungeon (4/15) Zot: 21707 Ossuary (1/1) Zot: 5068
 Temple: D:4-7

Altars:
Qazlal

Shops:
D:3 (


Innate Abilities, Weirdness & Mutations

You have sharp fingernails.
You are mostly covered in molten scales. (AC +3)
You possess an exceptional clarity of mind.
You are dopey. (Int -2)
You occasionally lose the ability to drink potions when taking damage.


Message History

You hit the mummy but do no damage.
The mummy is moderately damaged.
The mummy hits you!
* * * LOW HITPOINT WARNING * * *
You take 10 damage, and have 22/50 hp.
You hit the mummy but do no damage.
The mummy is moderately damaged.
The mummy closely misses you.
You hit the mummy.
The mummy is heavily damaged.
The mummy hits you!
* * * LOW HITPOINT WARNING * * *
You take 10 damage, and have 12/50 hp.
The mummy attacks as it pursues you! The mummy hits you but does no damage.
Unknown command.
There is an open door, spattered with blood here.
Things that are here:
a +0 dagger; a +0 robe; a human skeleton
There is an open door here.
There is an open door here.
There is an open door here.
There is an open door, spattered with blood here.
There is an open door here.
There is an open door here.
There is an open door here.
There is an open door here.
There is an open door here.
You close the door.
You start resting.
HP restored.
Health restored: 50 You open the door.
There is an open door here.
There is an open door here.
A crocodile zombie is nearby!
There is an open door here.
You catch the helpless crocodile zombie completely off-guard!
You puncture the crocodile zombie!
The crocodile zombie is moderately damaged.
The crocodile zombie bites you!
The crocodile zombie drags you backwards!
You take 10 damage, and have 40/50 hp.
You hit the crocodile zombie but do no damage.
The crocodile zombie is moderately damaged.
The crocodile zombie bites you!
You take 6 damage, and have 34/50 hp.
You hit the crocodile zombie.
The crocodile zombie is heavily damaged.
You closely miss the crocodile zombie.
The crocodile zombie is heavily damaged.
The crocodile zombie bites you!
You take 10 damage, and have 24/50 hp.
You are too injured to fight recklessly!
You are too injured to fight recklessly!
You are too injured to fight recklessly!
You are too injured to fight recklessly!
You are too injured to fight recklessly!
You are too injured to fight recklessly!
You are too injured to fight recklessly!
You are too injured to fight recklessly!
You are too injured to fight recklessly!
You are too injured to fight recklessly!
You are too injured to fight recklessly!
You are too injured to fight recklessly!
You are too injured to fight recklessly!
You are too injured to fight recklessly!
You are too injured to fight recklessly!
You are too injured to fight recklessly!
You are too injured to fight recklessly!
You are too injured to fight recklessly!
You are too injured to fight recklessly!
You are too injured to fight recklessly!
You barely miss the crocodile zombie.
The crocodile zombie is heavily damaged.
You hit the crocodile zombie.
The crocodile zombie is heavily damaged.
The crocodile zombie bites you but does no damage.
You hit the crocodile zombie.
The crocodile zombie is heavily damaged.
The crocodile zombie bites you!
* * * LOW HITPOINT WARNING * * *
You take 8 damage, and have 17/50 hp.
You hit the crocodile zombie.
The crocodile zombie is severely damaged.
You hit the crocodile zombie but do no damage.
The crocodile zombie is severely damaged.
The crocodile zombie bites you.
* * * LOW HITPOINT WARNING * * *
You take 4 damage, and have 13/50 hp.
You hit the crocodile zombie but do no damage.
The crocodile zombie is severely damaged.
The crocodile zombie bites you!
* * * LOW HITPOINT WARNING * * *
You take 11 damage, and have 2/50 hp.
MASSIVE DAMAGE!!
You hit the crocodile zombie but do no damage.
The crocodile zombie is severely damaged.
You hit the crocodile zombie but do no damage.
The crocodile zombie is severely damaged.
The crocodile zombie bites you.
You die... ████████████████████

..∆...█....█...Z...█
..█...█....∆...█@..█
..█...∆....█...█...█
∆█████████████████∆█
..█ █...█ ..█ █...█
..█ █...█ ..█ █...█


█M█ █∆███ ..█ █...█ You could see a crocodile zombie.

Vanquished Creatures
  7 water moccasin zombies (Ossuary)
  A burial acolyte (Ossuary)
  A spectral scorpion (Ossuary)
  A crocodile zombie (Ossuary)
  2 adders (D:2)
  2 adder zombies (Ossuary)
  3 ribbon worms (D:2)
  5 orcs (D:3)
  4 bats
  9 endoplasms
  A giant cockroach (D:2)
  9 gnoll zombies (Ossuary)
  5 goblins
  5 hobgoblins
  A jackal (D:2)
  7 kobolds
  2 quokkas (D:2)
  10 ball pythons
  5 frilled lizards
  3 jackal zombies (Ossuary)
  3 orc zombies (Ossuary)
  7 rats
93 creatures vanquished.

Notes
Turn   | Place    | Note
-------+----------+-------------------------------------------
     0 | D:1      | Goblin1989 the Demonspawn Brigand began the quest for the
                  | Orb.
     0 | D:1      | Reached XP level 1. HP: 16/16 MP: 1/1
   121 | D:1      | Gained mutation: You are partially covered in molten
                  | scales. (AC +2) [demonic ancestry]
   121 | D:1      | Reached XP level 2. HP: 18/22 MP: 2/2
   229 | D:1      | Reached skill level 4 in Stealth
   413 | D:1      | Reached XP level 3. HP: 27/27 MP: 3/3
  1398 | D:2      | Gained mutation: You are mostly covered in molten scales.
                  | (AC +3) [demonic ancestry]
  1398 | D:2      | Reached XP level 4. HP: 25/33 MP: 4/4
  1889 | D:3      | Found Kadeutuz's Antique Weapon Boutique.
  2154 | D:3      | Found a stormy altar of Qazlal.
  2320 | D:4      | Found a sand-covered staircase.
  2328 | Ossuary  | Entered an ossuary
  2477 | Ossuary  | Reached skill level 5 in Stealth
  2477 | Ossuary  | Reached XP level 5. HP: 34/38 MP: 5/5
  2662 | Ossuary  | Gained mutation: You have sharp fingernails. [demonic
                  | ancestry]
  2662 | Ossuary  | Reached XP level 6. HP: 27/44 MP: 6/6
  2769 | Ossuary  | Reached skill level 1 in Unarmed Combat
  2799 | Ossuary  | HP: 1/38 [spectral scorpion (4)]
  2836 | Ossuary  | Gained mutation: You occasionally lose the ability to drink
                  | potions when taking damage. [potion of mutation]
  2836 | Ossuary  | Gained mutation: You are dopey. (Int -2) [potion of
                  | mutation]
  2836 | Ossuary  | Gained mutation: You possess an exceptional clarity of
                  | mind. [potion of mutation]
  2927 | Ossuary  | Reached skill level 6 in Stealth
  2986 | Ossuary  | Reached XP level 7. HP: 36/50 MP: 7/7
  3341 | Ossuary  | HP: 2/50 [crocodile zombie (11)]
  3343 | Ossuary  | Slain by a crocodile zombie

Illustrated notes

Levels and vault maps discovered:
D:1:      dpeg_arrival_simpleton_a, layout_rooms,
          corexii_item_surrounded_by_moat
D:2:      layout_loops_corners, serial_forest, infiniplex_forest_lined_3,
          infiniplex_forest_straight_2, infiniplex_forest_lined_corner,
          infiniplex_forest_straight_3, infiniplex_forest_corner_1,
          infiniplex_forest_straight_2, infiniplex_forest_clump_diagonal,
          minmay_quadrilaterals
D:3:      layout_rooms, lemuel_crystal_altar, serial_shops,
          nicolae_shop_dealshenge
D:4:      layout_rooms, gammafunk_temple_overflow_forgotten,
          chequers_ossuary_entry_cave, serial_park_tiny_pond, uniq_edmund
Ossuary:  ossuary_tomb_2

Skill      XL: |  1  2  3  4  5  6  7 |
---------------+----------------------+-----
Short Blades   | 2 3 4 |  4.3
Stealth        | 4 5 6 |  6.3
Unarmed Combat | 2 3 |  3.1
Fighting       | |  2.0
Throwing       | |  1.7
Dodging        | |  0.8

Action                     |  1- 3 |  4- 6 |  7- 9 || total
---------------------------+-------+-------+-------++-------
  Melee: Dagger            |    77 |       |       ||    77
         Short sword       |    93 |   408 |    86 ||   587
  Throw: Dart              |     3 |       |       ||     3
    Use: Scroll            |       |     2 |       ||     2
         Potion            |       |     4 |       ||     4
   Stab: Sleeping          |     9 |     3 |       ||    12
         Distracted        |       |       |     1 ||     1
 Armour: Robe              |   105 |   196 |    45 ||   346
  Dodge: Dodged            |    79 |   174 |    19 ||   272

Table legend: (Time is in decaauts)
 A = Elapsed time spent in this place.
 B = Non-inter-level travel time spent in this place.
 C = Inter-level travel time spent in this place.
 D = Time resting spent in this place.
 E = Time spent auto-exploring this place.
 F = Levels seen in this place.
 G = Mean time per level.
                   A        B        C        D        E       F      G
               +--------+--------+--------+--------+--------+-----+--------+
         Total |   3223 |   3127 |     96 |    242 |   1928 |   5 |  644.6 |
       Dungeon |   2292 |   2196 |     96 |    102 |   1599 |   4 |  573.0 |
       Ossuary |    930 |    930 |      0 |    140 |    329 |   1 |  930.0 |
               +--------+--------+--------+--------+--------+-----+--------+

Top non-repeatable levels by time:
     D:2: 1169 daAuts
 Ossuary: 930 daAuts
     D:1: 601 daAuts
     D:3: 502 daAuts
     D:4: 19 daAuts
